 Dungeon Crawl Stone Soup version 0.31.0-7-gf635a9b802 (webtiles) character file.

Game seed: 575849395233571809

243 Skeral the Shooter (level 6, -11/47 HPs)
             Began as a Djinni Hunter on Jan 23, 2024.
             Mangled by a mummy (15 damage)
             ... in an ossuary.
             The game lasted 00:09:14 (2376 turns).

Skeral the Shooter (Djinni Hunter)                  Turns: 2376, Time: 00:09:15

Health: -11/47     AC:  5    Str: 10    XL:     6   Next: 31%
Gold:   196        EV: 13    Int: 11    God:
                   SH:  0    Dex: 24

rFire   + + .        a - +0 shortbow
rCold   x . .        (shield currently unavailable)
rNeg    . . .        c - +0 leather armour
rPois   ∞            n - +0 helmet
rElec   .            s - +0 cloak
rCorr   .            (no gloves)
SInv    .            (boots unavailable)
Will    .....        (no amulet)
Stlth   ++           D - +6 ring of dexterity
HPRegen 0.27/turn    (no ring)
MPRegen 0.00/turn

%: infuse magic (-12 HP)
@: flying
A: sickness immunity, fire resistance 2, cold vulnerability 1, float, innate
caster, HP casting, extra vitality 1
a: no special abilities


You were in an ossuary.
You visited 1 branch of the dungeon, and saw 4 of its levels.
You also visited: Ossuary.

You collected 196 gold pieces.


Innate Abilities, Weirdness & Mutations

You are immune to sickness and miasma.
You are immune to poison.
Your flesh is very heat resistant. (rF++)
You are vulnerable to cold. (rC-)
You float through the air rather than walking.
You learn spells naturally, not from books.
Your magical power is your life essence.
You have superior vitality. (+4 MHP)


   Skills:
 + Level 4.3 Fighting
 + Level 4.6 Ranged Weapons
 + Level 3.1 Dodging
 - Level 0.7 Stealth


You knew the following spells:

 Your Spells              Type           Power      Damage    Failure   Level
d - Static Discharge      Conj/Air       0%         3-3/arc   58%         2
s - Shock                 Conj/Air       0%         1d3       43%         1
Your spell library was empty.

Inventory:

Hand Weapons
 a - a +0 shortbow (weapon)
Missiles
 g - 4 poisoned darts
 m - a throwing net {=f!f}
Armour
 c - a +0 leather armour (worn)
 n - a +0 helmet (worn)
   (You took it off Robin on level 3 of the Dungeon)
 s - a +0 cloak (worn)
   (You found it on level 4 of the Dungeon)
Jewellery
 D - a +6 ring of dexterity (left hand)
   (You found it on level 3 of the Dungeon)
Scrolls
 e - 2 scrolls of teleportation {unknown}
 i - a scroll of fear {unknown}
 j - 2 scrolls of identify {unknown}
 l - 2 scrolls of poison {unknown}
Potions
 d - a potion of heal wounds {unknown}
 f - a potion of magic {unknown}
 h - 2 potions of lignification {unknown}
 k - 2 potions of attraction {unknown}
 o - a potion of degeneration {unknown}
 p - a potion of enlightenment {unknown}
 q - a potion of brilliance {unknown}
 r - a potion of invisibility {unknown}

Dungeon Overview and Level Annotations

Branches:
Dungeon (4/15) Zot: 21589 Ossuary (1/1) Zot: 5974
 Temple: D:4-7

Altars:
Xom

Shops:
D:2 (

Annotations:
D:2 1 runed translucent door, Crazy Yiuf, Sigmund

### #
#..########.###Z
##bbbb.M#b.b....
#.bbbb@b'bZb....
##bbbb.b#bZ.....
#..########.###.
### #


You could see a mummy (ally target) and 2 scorpion zombies.


Message History

Fire: a) +0 shortbow
Press: ? - help, Shift-Dir - straight line, f/p - mummy
Aim: a mummy (almost destroyed, 80% to hit)
You shoot an arrow. The arrow hits the scorpion zombie!
The scorpion zombie misses you.
Fire: a) +0 shortbow
Press: ? - help, Shift-Dir - straight line, f/p - mummy
Aim: a mummy (almost destroyed, 80% to hit)
You shoot an arrow. The arrow hits the scorpion zombie!
The scorpion zombie hits you but does no damage.
Fire: a) +0 shortbow
Press: ? - help, Shift-Dir - straight line, f/p - mummy
Aim: a mummy (almost destroyed, 80% to hit)
You shoot an arrow.
The arrow hits the mummy but does no damage.
The scorpion zombie hits you but does no damage.
Fire: a) +0 shortbow
Press: ? - help, Shift-Dir - straight line, f/p - mummy
Aim: a mummy (almost destroyed, 80% to hit)
You shoot an arrow. The arrow barely misses the mummy.
The mummy hits you. 😕 HP[-6]
You take 6 damage, and now have 41/47 hp.
Fire: a) +0 shortbow
Press: ? - help, Shift-Dir - straight line, f/p - mummy
Aim: a mummy (almost destroyed, 80% to hit)
You shoot an arrow. The arrow hits the mummy!
You destroy the mummy!
The scorpion zombie hits you. 😕 HP[-5]
You take 5 damage, and now have 36/47 hp.
Fire: a) +0 shortbow
Press: ? - help, Shift-Dir - straight line, f - mummy
Aim: a mummy (80% to hit)
You shoot an arrow. The arrow hits the mummy.
The scorpion zombie barely misses you. The mummy hits you. 😮 HP[-4]
You take 4 damage, and now have 32/47 hp.
Fire: a) +0 shortbow
Press: ? - help, Shift-Dir - straight line, f/p - mummy
Aim: a mummy (moderately damaged, 80% to hit)
You shoot an arrow. The arrow completely misses the mummy.
The scorpion zombie hits you but does no damage.
The mummy hits you!
* * * LOW HITPOINT WARNING * * *
😨 HP[-16]
You take 16 damage, and now have 16/47 hp.
MASSIVE DAMAGE!! (PAUSE)
Okay, then.
Press: ? - help, v - describe, . - travel
Here: a mummy (moderately damaged)
A gate leading back out of this place.
Okay, then.
Unknown command.
You reach down and open the door.
The scorpion zombie closely misses you.
An adder zombie and a scorpion zombie come into view.
The mummy attacks as it pursues you! The mummy misses you.
There is an open door here. 😨 HP[+1]
You shoot an arrow.
The arrow hits the scorpion zombie but does no damage.
The scorpion zombie hits you.
* * * LOW HITPOINT WARNING * * *
😨 HP[-4]
You take 4 damage, and now have 13/47 hp.
The scorpion zombie hits you.
* * * LOW HITPOINT WARNING * * *
😱 HP[-2]
You take 2 damage, and now have 11/47 hp.
The scorpion zombie barely misses you. The mummy attacks as it pursues you!
The mummy closely misses you.
There is a gate leading back out of this place here.
As you read the scroll of butterflies, it crumbles to dust.
You hear the flapping of tiny wings.
The scorpion zombie is knocked back by the sudden gust.
The mummy is knocked back by the sudden gust.
The scorpion zombie barely misses your butterfly. 😨 HP[+1]
You shoot an arrow. The arrow hits the mummy.
The scorpion zombie misses your butterfly. x2
You shoot an arrow. The arrow hits the mummy.
The scorpion zombie hits your butterfly.
Your butterfly dies!
Your butterfly disappears in a burst of colours!
The mummy misses you.
The scorpion zombie hits your butterfly.
Your butterfly dies!
Your butterfly disappears in a burst of colours!
You shoot an arrow. The arrow hits the mummy.
The scorpion zombie misses your butterfly.
The scorpion zombie closely misses your butterfly.
The mummy hits you!
* * * LOW HITPOINT WARNING * * *
😱 HP[-8]
You take 8 damage, and now have 4/47 hp.
You shoot an arrow. The arrow hits the mummy.
The scorpion zombie misses your butterfly.
The scorpion zombie closely misses your butterfly.
The scorpion zombie completely misses your butterfly.
The mummy hits you!
You die...

Skill      XL: |  1  2  3  4  5  6 |
---------------+-------------------+-----
Fighting       | 3 4 |  4.3
Ranged Weapons | 4 |  4.6
Dodging        | 3 |  3.1
Stealth        | |  0.7

Action                     |  1- 3 |  4- 6 || total
---------------------------+-------+-------++-------
   Fire: Shortbow          |   103 |   141 ||   244
    Use: Scroll            |       |     1 ||     1
 Armour: Leather armour    |    36 |    64 ||   100
  Dodge: Dodged            |    43 |    68 ||   111

Levels and vault maps discovered:
D:1:      lemuel_arrival_behind_the_door_large, layout_loops_ring,
          minmay_tiny_reverse_x
D:2:      layout_rooms, ebering_ecumenical_altar_abandoned, serial_shops, shop,
          basic_altar, minmay_misc_feat_tiny, minmay_strange_pillars,
          uniq_crazy_yiuf_cottage, uniq_sigmund
D:3:      layout_basic, corexii_leaking_fountain, uniq_robin
D:4:      layout_basic, enter_ossuary_1, serial_demonic, serial_demonic_b,
          serial_demonic_f, serial_demonic_g, serial_demonic_e
Ossuary:  ossuary_minmay_chase

Notes
Turn   | Place    | Note
-------+----------+-------------------------------------------
     0 | D:1      | Skeral the Djinni Hunter began the quest for the Orb.
     0 | D:1      | Reached XP level 1. HP: 18/18 MP: 0/0
     0 | D:1      | magus.rc [v1.10.3]
    74 | D:1      | Reached XP level 2. HP: 24/24 MP: 0/0
   219 | D:1      | You are sucked into a shaft and drop 1 floor!
   304 | D:1      | Reached XP level 3. HP: 29/29 MP: 0/0
   304 | D:1      | Learned a level 1 spell: Shock
   685 | D:2      | Reached skill level 3 in Fighting
   720 | D:2      | Found a runed translucent door.
   721 | D:2      | Noticed Crazy Yiuf
   791 | D:2      | Found a shimmering altar of Xom.
   824 | D:2      | Reached XP level 4. HP: 35/35 MP: 0/0
  1015 | D:2      | Reached skill level 4 in Ranged Weapons
  1082 | D:2      | Found Fothraoni's Antique Weapon Emporium.
  1088 | D:2      | Found a faded altar of an unknown god.
  1090 | D:2      | Noticed Sigmund
  1435 | D:2      | magus.rc [v1.10.3]
  1463 | D:3      | Reached XP level 5. HP: 13/40 MP: 0/0
  1463 | D:3      | Learned a level 2 spell: Static Discharge
  1840 | D:3      | Noticed Robin
  1859 | D:3      | Reached skill level 4 in Fighting
  1860 | D:3      | Killed Robin
  2214 | D:4      | Reached XP level 6. HP: 47/47 MP: 0/0
  2216 | D:4      | Reached skill level 3 in Dodging
  2343 | D:4      | Found a sand-covered staircase.
  2354 | Ossuary  | Entered an ossuary
  2370 | Ossuary  | HP: 11/47 [scorpion zombie (2)]
  2375 | Ossuary  | HP: 4/47 [mummy (9)]
  2376 | Ossuary  | Mangled by a mummy

Vanquished Creatures
  A jelly (D:4)
  A mummy (Ossuary)
  Robin (D:3)
  3 adders
  7 gnolls
  4 dart slugs
  A ribbon worm (D:4)
  An orc (D:4)
  8 ball pythons
  7 bats
  6 endoplasms
  5 giant cockroaches
  17 goblins
  8 hobgoblins
  3 quokkas
  8 frilled lizards
  3 kobolds
  3 rats
87 creatures vanquished.

Table legend:
 A = Non-vault XP
 B = Vault XP
 C = Vault XP percentage of total XP
 D = Non-vault monster count
 E = Vault monster count
 F = Vault count percentage of total count
                 A         B        C        D         E       F
            +---------+---------+-------+---------+---------+-------
      Total |     297 |      51 |  14.7 |      76 |      11 |  12.6
            +---------+---------+-------+---------+---------+-------
        D:1 |      51 |       3 |   5.6 |      28 |       2 |   6.7
        D:2 |      66 |       0 |   0.0 |      20 |       0 |   0.0
        D:3 |     112 |      30 |  21.1 |      20 |       8 |  28.6
        D:4 |      68 |       0 |   0.0 |       8 |       0 |   0.0
    Ossuary |       0 |      18 | 100.0 |       0 |       1 | 100.0
            +---------+---------+-------+---------+---------+-------

Skill      XL: |  1  2  3  4  5  6 |
---------------+-------------------+-----
Fighting       | 3 4 |  4.3
Ranged Weapons | 4 |  4.6
Dodging        | 3 |  3.1
Stealth        | |  0.7

Action                     |  1- 3 |  4- 6 || total
---------------------------+-------+-------++-------
   Fire: Shortbow          |   103 |   141 ||   244
    Use: Scroll            |       |     1 ||     1
 Armour: Leather armour    |    36 |    64 ||   100
  Dodge: Dodged            |    43 |    68 ||   111

Illustrated notes

Table legend:
 A = Kills in this place as a percentage of kills in the entire game.
 B = Kills by you in this place as a percentage of kills by you in the entire game.
 C = Kills by friends in this place as a percentage of kills by friends in the entire game.
 D = Other kills in this place as a percentage of other kills in the entire game.
 E = Experience gained in this place as a percentage of experience gained in the entire game.
 F = Experience gained in this place divided by the number of levels of this place that you have seen.
                   A       B       C       D       E      F
               +-------+-------+-------+-------+-------+----------------------
         Total | 100.0 | 100.0 |   N/A |   N/A | 100.0 |  69.6
       Dungeon |  98.9 |  98.9 |   N/A |   N/A |  94.8 |  82.5
       Ossuary |   1.1 |   1.1 |   N/A |   N/A |   5.2 |  18.0
               +-------+-------+-------+-------+-------+----------------------

Table legend: (Time is in decaauts)
 A = Elapsed time spent in this place.
 B = Non-inter-level travel time spent in this place.
 C = Inter-level travel time spent in this place.
 D = Time resting spent in this place.
 E = Time spent auto-exploring this place.
 F = Levels seen in this place.
 G = Mean time per level.
                   A        B        C        D        E       F      G
               +--------+--------+--------+--------+--------+-----+--------+
         Total |   2435 |   2322 |    113 |    306 |    975 |   5 |  487.0 |
       Dungeon |   2410 |   2297 |    113 |    306 |    975 |   4 |  602.5 |
       Ossuary |     24 |     24 |      0 |      0 |      0 |   1 |   24.0 |
               +--------+--------+--------+--------+--------+-----+--------+

Top non-repeatable levels by time:
     D:3: 921 daAuts
     D:1: 706 daAuts
     D:2: 618 daAuts
     D:4: 164 daAuts
 Ossuary: 24 daAuts
